 Dungeon Crawl Stone Soup version 0.26.1-11-gd32895ea62 (webtiles) character file.

Game seed: 4331495577445029425

1262 MisterFreud the Grappler (level 8, -4/78 HPs)
             Began as a Troll Monk on May 25, 2021.
             Shot with an arrow by a centaur (11 damage)
             ... on level 6 of the Dungeon.
             The game lasted 00:03:55 (4052 turns).

MisterFreud the Grappler (Troll Monk)               Turns: 4052, Time: 00:03:56

Health: -4/78      AC:  6    Str: 20    XL:     8   Next: 27%
Magic:  7/7        EV: 15    Int:  6    God:
Gold:   233        SH:  0    Dex: 14    Spells: 7/7 levels left

rFire    . . .     SeeInvis .     - Unarmed
rCold    . . .     Faith    .   (no shield)
rNeg     . . .     Spirit   .   a - +0 robe
rPois    .         Reflect  .   (helmet restricted)
rElec    .         Harm     .   (no cloak)
rCorr    .         Rampage  .   (gloves unavailable)
Will     .....                  (boots unavailable)
Stlth    ++........             (no amulet)
HPRegen  0.63/turn              b - +4 ring of evasion
MPRegen  0.10/turn              (no ring)

@: no status effects
A: large, unfitting armour, claws 3, regeneration 1, shaggy fur 1, tough skin 3
a: no special abilities


You were on level 6 of the Dungeon.
You visited 2 branches of the dungeon, and saw 7 of its levels.

You collected 233 gold pieces.

Inventory:

Missiles
 p - 5 silver boomerangs (quivered)
 r - a boomerang of dispersal
Armour
 a - a +0 robe (worn)
Jewellery
 b - a +4 ring of evasion (left claw)
 u - an uncursed amulet of the acrobat {unknown}
Wands
 w - a wand of flame (15)
Scrolls
 c - 4 scrolls of blinking {unknown}
 d - 3 scrolls of identify {unknown}
 e - a scroll of enchant armour {unknown}
 f - 2 scrolls of enchant weapon {unknown}
 i - 2 scrolls of teleportation {unknown}
 k - 2 scrolls of remove curse {unknown}
 l - 2 scrolls of fog {unknown}
 m - 6 scrolls of amnesia {unknown}
 x - a scroll of fear {unknown}
Potions
 g - a potion of degeneration {unknown}
 h - a potion of might {unknown}
 j - 2 potions of brilliance {unknown}
 n - a potion of ambrosia {unknown}
 o - 2 potions of invisibility {unknown}
 q - 6 potions of attraction {unknown}
 s - a potion of berserk rage {unknown}
 t - 2 potions of flight {unknown}
 v - a potion of heal wounds {unknown}


   Skills:
 + Level 3.7 Fighting
 - Level 4.0 Throwing
 + Level 3.8 Dodging
 - Level 1.0 Stealth
 - Level 8.0 Unarmed Combat


You had 7 spell levels left.
You didn't know any spells.
Your spell library was empty.

Dungeon Overview and Level Annotations

Branches:
Dungeon (6/15)             Temple (1/1) D:5

Altars:
Ashenzari
Elyvilon
Fedhas
Kikubaaqudgha
Ru
Trog
Uskayaw
Xom
Yredelemnul
The Shining One


Innate Abilities, Weirdness & Mutations

You are too large for most types of armour.
You have claws for hands.
Your natural rate of healing is unusually fast.
You are covered in fur. (AC +1)
You have extremely tough skin. (AC +3)


Message History

The centaur shouts!
The centaur shoots an arrow.
The arrow closely misses you.
You see here 6 arrows.
The centaur shoots an arrow.
The arrow barely misses you.
The centaur shoots an arrow.
The arrow misses you.
The centaur shoots an arrow.
The arrow hits you!
The centaur shoots an arrow.
The arrow barely misses you.
The centaur shoots an arrow.
The arrow barely misses you.
The centaur shoots an arrow.
The arrow hits you!
* * * LOW HITPOINT WARNING * * *
The centaur shoots an arrow.
The arrow hits you.
* * * LOW HITPOINT WARNING * * *
The centaur shoots an arrow.
The arrow closely misses you.
The centaur shoots an arrow.
The arrow hits you.
* * * LOW HITPOINT WARNING * * *
The centaur shoots an arrow.
The arrow hits you.
* * * LOW HITPOINT WARNING * * *
The centaur shoots an arrow.
The arrow barely misses you.
The centaur shoots an arrow.
The arrow hits you!
You die...

#.c≈≈≈≈≈≈≈≈≈≈#
......≈≈≈≈≈≈≈≈≈≈#########
.c..c≈≈≈≈≈≈≈≈≈≈≈........#
≈cc≈≈≈≈≈≈≈≈≈≈≈≈≈......#.#
≈≈≈≈≈≈≈≈≈≈≈≈≈≈≈######.#.#
≈≈≈≈≈≈≈≈≈≈≈≈..# #....
≈≈≈≈≈≈≈ #.##.###### #.#.#
.##≈≈≈≈##(........# #....
......!(@.#######.# #.#.#
.###.###### #.# #.... #.#
###^# #.# #.# #.# #.#
##.#####.
########........#
..........#######
.#######......###


You could see 3 centaurs.

Vanquished Creatures
  Pikel (D:5)
  A sky beast (D:4)
  An ice beast (D:5)
  2 ogres
  4 lemures (D:5)
  A bullfrog zombie (D:5)
  A centaur skeleton (D:4)
  A bullfrog skeleton (D:5)
  2 hounds
  An iguana (D:4)
  5 worker ants
  2 hound skeletons
  7 adders
  A shadow imp (D:4)
  An adder zombie (D:4)
  An adder skeleton (D:4)
  3 dart slugs
  A leopard gecko (D:1)
  11 orcs
  2 ball pythons
  5 bats
  5 giant cockroaches
  6 goblins
  7 hobgoblins
  14 jackals
  8 kobolds
  7 frilled lizards
  4 rats
105 creatures vanquished.

Vanquished Creatures (others)
  A howler monkey (D:4)
  An orc wizard (D:4)
  A worker ant (D:4)
  A leopard gecko (D:4)
  An orc (D:4)
  A frilled lizard (D:4)
6 creatures vanquished.

Grand Total: 111 creatures vanquished

Notes
Turn   | Place    | Note
-------+----------+-------------------------------------------
     0 | D:1      | MisterFreud the Troll Monk began the quest for the Orb.
     0 | D:1      | Reached XP level 1. HP: 22/22 MP: 0/0
   120 | D:1      | Reached XP level 2. HP: 29/29 MP: 1/1
   315 | D:1      | Reached skill level 4 in Unarmed Combat
   934 | D:2      | Reached XP level 3. HP: 33/36 MP: 2/2
   991 | D:2      | Found an ancient bone altar of Kikubaaqudgha.
  1521 | D:3      | Reached XP level 4. HP: 44/44 MP: 3/3
  1798 | D:3      | Reached skill level 1 in Throwing
  1798 | D:3      | Reached skill level 5 in Unarmed Combat
  2234 | D:4      | Reached XP level 5. HP: 41/50 MP: 4/4
  2272 | D:4      | Found a shimmering altar of Xom.
  2360 | D:4      | Noticed a sky beast
  2367 | D:4      | Killed a sky beast
  2368 | D:4      | Reached skill level 6 in Unarmed Combat
  2368 | D:4      | Reached XP level 6. HP: 59/59 MP: 5/5
  2681 | D:5      | Entered Level 5 of the Dungeon
  2736 | D:5      | Noticed an ice beast
  2920 | D:5      | Reached XP level 7. HP: 62/66 MP: 6/6
  3039 | D:5      | Found a blossoming altar of Fedhas.
  3042 | D:5      | Found a basalt altar of Yredelemnul.
  3044 | D:5      | Found a glowing golden altar of the Shining One.
  3068 | D:5      | Noticed Pikel
  3118 | D:5      | Killed Pikel
  3119 | D:5      | Reached skill level 8 in Unarmed Combat
  3211 | D:5      | Reached XP level 8. HP: 75/75 MP: 7/7
  3233 | D:5      | Found a sacrificial altar of Ru.
  3255 | D:5      | Found a staircase to the Ecumenical Temple.
  3273 | Temple   | Entered the Ecumenical Temple
  4052 | D:6      | Shot with an arrow by a centaur

Illustrated notes

Levels and vault maps discovered:
D:1:      matt_arrival_grand_opening, layout_loops_ring
D:2:      layout_loops_ring, kiku_gazebo_pond_becter
D:3:      layout_basic
D:4:      layout_basic, xom_confusion_cloud
D:5:      layout_basic, grunt_temple_overflow_open, minmay_temple_entry_slanted,
          uniq_pikel
D:6:      layout_loops_ring, serial_shops, shop, centaur_isle
Temple:   eino_temple_rhombus

Skill      XL: |  1  2  3  4  5  6  7 |
---------------+----------------------+-----
Unarmed Combat | 4 5 6 8 |  8.0
Throwing       | 1 3 4 |  4.0
Fighting       | 3 |  3.7
Dodging        | 3 |  3.8
Stealth        | |  1.0

Action                   |  1- 3 |  4- 6 |  7- 9 || total
-------------------------+-------+-------+-------++-------
Melee: Unarmed           |   114 |   142 |    72 ||   328
       Punch             |     2 |     5 |     1 ||     8
 Stab: Sleeping          |     1 |     2 |     1 ||     4
Armor: Robe              |    18 |    22 |     9 ||    49
Dodge: Dodged            |    77 |   116 |    48 ||   241
